 Dungeon Crawl Stone Soup version 0.20-a0-1109-ge3cd172 (webtiles) character file.

2859 EvilAshe the Archer (level 9, -7/64 HPs)
             Began as a Centaur Arcane Marksman on May 5, 2017.
             Was an Elder of Okawaru.
             Mangled by a killer bee (10 damage)
             ... on level 7 of the Dungeon.
             The game lasted 00:27:16 (11435 turns).

EvilAshe the Archer (Centaur Arcane Marksman)      Turns: 11435, Time: 00:27:17

Health: -7/64      AC:  4    Str: 14    XL:     9   Next: 47%
Magic:  5/10       EV: 13    Int: 12    God:    Okawaru [****..]
Gold:   215        SH:  0    Dex: 16    Spells: 0/10 levels left

rFire    . . .     SeeInvis .   b - +4 falchion (pain)
rCold    . . .     Gourm    .   (no shield)
rNeg     . . .     Faith    .   r - +0 robe
rPois    .         Spirit   .   (no helmet)
rElec    .         Reflect  .   (no cloak)
rCorr    .         Harm     .   (no gloves)
MR       .....                  (no barding)
Stlth    +.........             n - amulet of rage
Regen    0.2/turn               p - +4 ring of dexterity
MPRegen  0.2/turn               E - ring of wizardry

@: lethally poisoned (-7 -> -19), portal projectile, very quick
A: hooves 3, deformed body, speed 2, tough skin 3
a: Heroism, Renounce Religion, Cancel Portal Projectile, Evoke Berserk Rage


You were on level 7 of the Dungeon.
You worshipped Okawaru.
Okawaru was greatly pleased with you.
You were hungry.

You visited 1 branch of the dungeon, and saw 7 of its levels.

You collected 383 gold pieces.
You spent 168 gold pieces at shops.

Inventory:

Hand Weapons
 a - a +0 shortbow
 b - a +4 falchion of pain (weapon)
Armour
 i - the cursed +0 buckler "Ynotz" {*Contam Str+6, unknown}
   (You found it on level 7 of the Dungeon)

   It affects your strength (+6).
   It causes magical contamination when unequipped.
   It has a curse placed upon it.
 r - a +0 robe (worn)
 A - the cursed +1 ring mail "Tianoirr" {-Cast rF++ Dex+8 Slay+3, unknown}
   (You found it on level 4 of the Dungeon)

   It affects your dexterity (+8).
   It affects your accuracy and damage with ranged weapons and melee attacks
   (+3).
   It greatly protects you from fire.
   It prevents spellcasting.
   It has a curse placed upon it.
Jewellery
 n - an amulet of rage (around neck)
 p - a +4 ring of dexterity (left hand)
 u - an uncursed ring of ice
 E - a ring of wizardry (right hand)
Wands
 t - a wand of polymorph (0/24)
 x - a wand of flame (9/48)
 G - a wand of iceblast (10/15)
Scrolls
 d - a scroll of identify
 e - a scroll of fear
 h - a scroll of remove curse {unknown}
 j - a scroll of magic mapping {unknown}
 m - a scroll of blinking {unknown}
 o - 4 scrolls of teleportation
 q - a scroll of recharging {unknown}
 y - a scroll of enchant armour {unknown}
 B - a scroll of enchant weapon {unknown}
 C - a scroll of vulnerability {unknown}
Potions
 g - a potion of cancellation
 k - a potion of might
 l - 2 potions of curing
 s - a potion of berserk rage
 v - a potion of brilliance {unknown}
 F - a potion of resistance {unknown}
 I - a potion of flight {unknown}
Books
 c - a book of Debilitation

   Spells                             Type                      Level
   a - Corona                         Hexes                        1
   b - Slow                           Hexes                        2
   c - Inner Flame                    Hexes/Fire                   3
   d - Portal Projectile              Hexes/Translocation          3
   e - Cause Fear                     Hexes                        4
   f - Leda's Liquefaction            Hexes/Earth                  4
Comestibles
 f - 5 bread rations
 z - 4 royal jellies


   Skills:
 - Level 1.0 Fighting
 * Level 12.2 Bows
 + Level 5.0 Dodging
 - Level 1.0 Spellcasting
 + Level 6.6 Hexes


You couldn't memorise any spells.
You knew the following spells:

 Your Spells              Type           Power        Failure   Level  Hunger
a - Corona                Hex            ###....      1%          1    ##.....
f - Cause Fear            Hex            ###.......   9%          4    #####..
p - Portal Projectile     Hex/Tloc       #.....       10%         3    ####...
s - Slow                  Hex            ###.....     1%          2    ###....


Dungeon Overview and Level Annotations

Branches:
Dungeon (7/15)             Temple (0/1) D:4

Altars:
Gozag
Kikubaaqudgha
Okawaru
Xom
Zin
The Shining One

Shops:
D:4 [   D:7 *

Annotations:
D:5 cirnu's ghost, amateur DsGl
D:7 Dmitry's ghost, novice CeHu


Innate Abilities, Weirdness & Mutations

You have hooves in place of feet.
Armour fits poorly on your strangely shaped body.
You cover ground very quickly.
You have extremely tough skin. (AC +3)


Message History

The killer bee is moderately wounded.
You feel sick. The killer bee stings you.
* * * LOW HITPOINT WARNING * * *
The killer bee misses you.
You riposte.
You barely miss the killer bee.
The killer bee is moderately wounded.
The killer bee misses you.
Casting: Corona
Confirm with . or Enter, or press ? or * to list all spells.
You begin teleporting projectiles to their destination.
You feel sick. The killer bee stings you!
* * * LOW HITPOINT WARNING * * *
The killer bee stings you.
* * * LOW HITPOINT WARNING * * *
You are more poisoned.
The killer bee poisons you!
* * * LOW HITPOINT WARNING * * *
You feel sick.
The killer bee stings you but does no damage.
The killer bee stings you!
You die...

#.#...#.##...# #.#..........##
#.#...#.##....## ########
#.##.##.###....## #......#
#.##.##.###.....##### #.####.#
#..<....##.#........###.####.#
####.######.#.#####........#.#
#.# ###(# #####.##.#.# ###.#####
#@# #.##.#.# #.(.....# ##y##
#.##.#.# #.#.###.###...##
###......# #...###.##..(..##
#......### #.......#.......##
#.#.####
#####...####....(....###....#####
#..........')........'....)......
#.###...####.........###.....####
#.###..## ##.......## ###.#.#


You could see a killer bee.

Vanquished Creatures
  Sigmund (D:4)
  Eustachio (D:3)
  Menkaure (D:4)
  Edmund (D:5)
  An ice beast (D:5)
  2 black bears
  An ogre (D:7)
  A phantom (D:7)
  A bullfrog (D:7)
  5 scorpions
  11 killer bees
  A vampire bat (D:2)
  An electric eel (D:6)
  4 howler monkeys
  3 crimson imps
  2 hounds
  A bullfrog skeleton (D:6)
  2 orc priests
  2 orc wizards
  Jessica (D:3)
  Ijyb (D:3)
  Terence (D:3)
  2 iguanas
  2 worker ants (D:5)
  A hound skeleton (D:7)
  14 gnolls
  A howler monkey skeleton (D:5)
  10 adders
  A shadow imp (D:5)
  An ooze (D:2)
  2 worms
  8 dart slugs
  3 leopard geckos
  22 orcs
  2 bat skeletons (D:2)
  4 bat zombies (D:2)
  4 giant cockroaches
  4 goblins
  6 hobgoblins
  8 jackals
  2 quokkas
  2 ball pythons
  6 bats
  2 frilled lizards (D:2)
  2 jackal skeletons (D:5)
  5 kobolds
  9 rats
168 creatures vanquished.

Notes
Turn   | Place    | Note
-------+----------+-------------------------------------------
     0 | D:1      | EvilAshe the Centaur Arcane Marksman began the quest for the Orb.
     0 | D:1      | Reached XP level 1. HP: 16/16 MP: 2/2
   540 | D:1      | Reached skill level 3 in Bows
   602 | D:1      | Reached XP level 2. HP: 23/23 MP: 3/3
   962 | D:2      | Learned a level 2 spell: Slow
  1113 | D:2      | Found an iron altar of Okawaru.
  1117 | D:2      | Became a worshipper of Warmaster Okawaru
  1328 | D:2      | Reached XP level 3. HP: 23/28 MP: 4/4
  1397 | D:2      | Reached skill level 4 in Bows
  1675 | D:2      | Found an ancient bone altar of Kikubaaqudgha.
  1689 | D:2      | Reached skill level 5 in Bows
  1689 | D:2      | Reached XP level 4. HP: 33/35 MP: 5/5
  1883 | D:3      | Noticed Terence
  2102 | D:3      | Noticed Jessica
  2312 | D:3      | Found a glowing golden altar of the Shining One.
  2365 | D:3      | Killed Terence
  2471 | D:3      | Reached XP level 5. HP: 40/40 MP: 6/6
  2555 | D:3      | Found a glowing silver altar of Zin.
  2901 | D:3      | Killed Jessica
  2901 | D:3      | Reached * piety under Okawaru
  3114 | D:3      | Reached skill level 6 in Bows
  3279 | D:4      | Noticed Sigmund
  3360 | D:4      | Found a staircase to the Ecumenical Temple.
  3396 | D:4      | Noticed Menkaure
  3573 | D:3      | Reached XP level 6. HP: 29/47 MP: 7/7
  3732 | D:3      | Learned a level 3 spell: Portal Projectile
  4147 | D:4      | Found Gumicoun's Armour Emporium.
  4157 | D:4      | Noticed Eustachio
  4243 | D:4      | Noticed Ijyb
  4472 | D:3      | Killed Ijyb
  4472 | D:3      | Reached skill level 7 in Bows
  5001 | D:4      | Killed Sigmund
  5001 | D:4      | Reached ** piety under Okawaru
  5001 | D:4      | Reached XP level 7. HP: 38/52 MP: 6/8
  5081 | D:4      | Killed Menkaure
  5081 | D:4      | Reached skill level 8 in Bows
  5150 | D:3      | Killed Eustachio
  5571 | D:4      | Got a heavily runed ring mail
  5706 | D:5      | Entered Level 5 of the Dungeon
  5869 | D:5      | Noticed cirnu's ghost (amateur DsGl)
  6140 | D:5      | Reached skill level 9 in Bows
  6140 | D:5      | Reached skill level 5 in Hexes
  6140 | D:5      | Reached XP level 8. HP: 49/59 MP: 7/9
  6533 | D:5      | Found a shimmering altar of Xom.
  7136 | D:6      | Noticed Edmund
  7155 | D:5      | Killed Edmund
  7216 | D:6      | Reached *** piety under Okawaru
  7348 | D:6      | Reached skill level 10 in Bows
  7598 | D:6      | HP: 1/59 [gnoll/whip of electrocution (14)]
  8320 | D:6      | Found an opulent altar of Gozag.
  9070 | D:7      | Noticed Dmitry's ghost (novice CeHu)
  9172 | D:7      | Reached skill level 11 in Bows
  9196 | D:7      | Reached XP level 9. HP: 40/64 MP: 10/10
  9397 | D:7      | Learned a level 4 spell: Cause Fear
  9442 | D:7      | Received a gift from Okawaru
  9817 | D:7      | Found Hyohotyurph's Assorted Antiques.
  9826 | D:7      | Bought 2 scrolls of teleportation for 168 gold pieces
  9897 | D:7      | Got a steaming buckler
 11023 | D:7      | Reached skill level 12 in Bows
 11416 | D:7      | Reached **** piety under Okawaru
 11416 | D:7      | Reached skill level 5 in Dodging
 11435 | D:7      | HP: 3/64 [poisoned by a killer bee]
 11435 | D:7      | Mangled by a killer bee

Vault maps used:
D:1:      onia_arrival_mini_maze_b
D:2:      kennysheep_vampire_church, marbit_many_paths
D:3:      lemuel_crystal_altar, overflow_temple_1_default, uniq_terence,
          uniq_jessica
D:4:      minmay_temple_entry_statues_pillars, serial_shops, kennysheep_mini,
          uniq_eustachio, uniq_sigmund, uniq_menkaure, uniq_ijyb
D:5:      nicolae_overflow_crystal_walls, first_bread
D:6:      kennysheep_slugbush, grunt_gozag_breadcrumbs, uniq_edmund
D:7:      serial_shops, nicolae_shop_overgrown_old_shop

Skill      XL: |  1  2  3  4  5  6  7  8  9 |
---------------+----------------------------+-----
Bows           | 3 5 6 7 9 11 12 | 12.2
Hexes          | 3 4 5 6 |  6.6
Dodging        | 2 3 4 5 |  5.0
Fighting       | |  1.0
Spellcasting   | |  1.0

Action                   |  1- 3 |  4- 6 |  7- 9 || total
-------------------------+-------+-------+-------++-------
Melee: Unarmed           |     2 |     2 |       ||     4
       Falchion          |       |    55 |   165 ||   220
       Kick              |       |    20 |    58 ||    78
 Fire: Shortbow          |   104 |   137 |   347 ||   588
 Cast: Corona            |     4 |    22 |    25 ||    51
       Portal Projectile |       |       |     2 ||     2
       Cause Fear        |       |       |     3 ||     3
Evoke: Wand              |       |     1 |     2 ||     3
  Use: Scroll            |       |     3 |     6 ||     9
       Potion            |       |       |     1 ||     1
 Stab: Distracted        |       |       |     1 ||     1
       Sleeping          |       |       |     1 ||     1
  Eat: Chunk             |     1 |     5 |    14 ||    20
       Fruit             |       |     1 |     4 ||     5
       Bread ration      |       |     1 |       ||     1
Armor: Robe              |    28 |    25 |    48 ||   101
       Skin              |       |     7 |    49 ||    56
       Chain mail        |       |     1 |       ||     1
Dodge: Dodged            |    37 |    59 |   167 ||   263
       Rpst.: Falchion   |       |     9 |    33 ||    42
